 Dungeon Crawl Stone Soup version 0.31.0-32-g396128a36d (webtiles) character file.

Game seed: 15744698243021088594

182 PaiMei the Grave Robber (level 5, -2/38 HPs)
             Began as a Demonspawn Necromancer on Apr 24, 2024.
             Slain by a dart slug (3 damage)
             ... on level 3 of the Dungeon.
             The game lasted 00:02:57 (2990 turns).

PaiMei the Grave Robber (Demonspawn Necromancer)    Turns: 2990, Time: 00:02:57

Health: -2/38      AC: 10    Str:  8    XL:     5   Next: 34%
Magic:  8/9        EV: 12    Int: 18    God:
Gold:   88         SH:  0    Dex: 13    Spells: 6/10 levels left

rFire   . . .        e - +2 short sword (protect)
rCold   . . .        (no shield)
rNeg    . . .        a - +0 robe
rPois   .            (no helmet)
rElec   .            (no cloak)
rCorr   .            (no gloves)
SInv    .            g - +0 pair of boots
Will    .....        (no amulet)
Stlth   ++           (no ring)
HPRegen 0.26/turn    (no ring)
MPRegen 0.11/turn

%: no passive effects
@: under a protective aura
A: claws 1, hooves 1, spiny 1
a: no special abilities


You were on level 3 of the Dungeon.
You visited 1 branch of the dungeon, and saw 3 of its levels.

You collected 127 gold pieces.
You spent 39 gold pieces at shops.

Inventory:

Hand Weapons
 d - a +0 club
 e - a +2 short sword of protection (weapon)
Armour
 a - a +0 robe (worn)
 g - a +0 pair of boots (worn)
Scrolls
 f - 4 scrolls of identify {unknown}
 j - a scroll of enchant weapon {unknown}
Potions
 b - a potion of magic
 c - a potion of lignification {unknown}
 h - 2 potions of curing
 i - a potion of brilliance {unknown}
 k - a potion of mutation {unknown}
 l - a potion of attraction {unknown}


   Skills:
 + Level 1.8 Fighting
 + Level 2.9 Dodging
 - Level 2.3 Stealth
 + Level 3.1 Spellcasting
 + Level 5.2 Necromancy


You had 6 spell levels left.
You knew the following spells:

 Your Spells              Type           Power      Damage    Failure   Level
a - Necrotise             Necr           84%        1d8       1%          1
b - Vampiric Draining     Necr           21%        2d7       5%          3

Your spell library contained the following spells:

 Spells                   Type           Power      Damage    Failure   Level
 Slow                     Hex            8%         N/A       16%         1
 Animate Dead             Necr           21%        N/A       19%         4
 Mercury Vapours          Alch/Air       4%         N/A       24%         2
 Confusing Touch          Hex            2%         N/A       43%         3
 Mephitic Cloud           Conj/Alch/Air  2%         N/A       43%         3
 Sigil of Binding         Hex            2%         N/A       43%         3
 Curse of Agony           Necr           21%        N/A       45%         5
 Freezing Cloud           Conj/Ice/Air   1%         6-21      99%         5


Dungeon Overview and Level Annotations

Branches:
Dungeon (3/15)

Altars:
Vehumet

Shops:
D:1 !

Annotations:
D:3 Terence


Innate Abilities, Weirdness & Mutations

You have sharp fingernails.
You have large cloven feet.
You are partially covered in sharp spines.


Message History

Aim: a gnoll, wielding a +0 spear (chance to affect: 85%)
The gnoll writhes in agony!
The gnoll hits you with a +0 spear!
A hobgoblin comes into view.
Casting: Necrotise (safe; 1% risk of failure)
Confirm with . or Enter, or press ? or * to list all spells.
Aiming: Necrotise (safe; 1% risk of failure)
Press: ? - help, Shift-Dir - straight line, f/p - gnoll
Aim: a gnoll, wielding a +0 spear (heavily wounded, chance to affect: 85%)
The gnoll writhes in agony.
You kill the gnoll!
The dead are walking!
The gnoll is struck by your spines. The gnoll misses you.
The gnoll completely misses you. The gnoll hits you but does no damage.
The gnoll attacks as it pursues you! The gnoll is struck by your spines.
The gnoll hits you with a +0 club.
The gnoll hits you from afar with a +0 spear.
The gnoll throws a stone.
The stone barely misses you. The gnoll attacks as it pursues you!
The gnoll hits you from afar with a +0 spear!
The gnoll barely misses you. The gnoll hits you with a +0 spear!
* * * LOW HITPOINT WARNING * * *
The gnoll hits you with a +0 club.
* * * LOW HITPOINT WARNING * * *
You hit the gnoll but do no damage.
Your weapon exudes an aura of protection.
The gnoll barely misses you. The gnoll is struck by your spines.
The gnoll hits you with a +0 spear.
* * * LOW HITPOINT WARNING * * *
The gnoll is struck by your spines.
You kill the gnoll!
You barely miss the gnoll.
The gnoll is moderately wounded.
The gnoll closely misses you. The gnoll completely misses you.
Your gnoll skeleton hits the gnoll but does no damage.
You completely miss the gnoll.
The gnoll is moderately wounded.
The gnoll hits you from afar with a +0 spear.
* * * LOW HITPOINT WARNING * * *
The dart slug bites you.
You die...

.###... #.......#
......####.......##
......##..........####
.....................#
..................##.#
.....#.†...........<.###
...................#....
...............##.......
..).....#.####..@gg######
........#.......wZ.......
........#######...)###.#
...###.## #g....# ##.#
#.# #........ #.# #.#
#.≈≈≈≈≈≈≈≈≈ ..## #.
...≈.......≈. #..
###.≈.≈.≈§≈.≈. ...
#.≈§≈...≈.≈.


You could see 2 gnolls, a dart slug, a hobgoblin and a friendly gnoll skeleton.

Vanquished Creatures
  6 gnolls (D:3)
  5 adders
  A dart slug (D:2)
  3 orcs (D:3)
  6 bats
  5 endoplasms
  A giant cockroach (D:1)
  6 goblins
  6 hobgoblins
  4 jackals
  6 kobolds
  A quokka (D:2)
  5 ball pythons
  2 frilled lizards
  5 rats
62 creatures vanquished.

Vanquished Creatures (collateral kills)
  An adder (D:3)
  A dart slug (D:1)
2 creatures vanquished.

Grand Total: 64 creatures vanquished

Notes
Turn   | Place    | Note
-------+----------+-------------------------------------------
     0 | D:1      | PaiMei the Demonspawn Necromancer began the quest for the
                  | Orb.
     0 | D:1      | Reached XP level 1. HP: 13/13 MP: 3/3
   233 | D:1      | Gained mutation: You are partially covered in sharp spines.
                  | [demonic ancestry]
   233 | D:1      | Reached XP level 2. HP: 19/19 MP: 3/5
   623 | D:1      | Reached XP level 3. HP: 24/24 MP: 6/6
   627 | D:1      | Learned a level 3 spell: Vampiric Draining
  1017 | D:1      | Found Hobeaq's Distillery.
  1024 | D:1      | Bought a potion of curing for 39 gold pieces
  1759 | D:2      | Discovered your monstrous ancestry.
  1759 | D:2      | Gained mutation: You have large cloven feet. [demonic
                  | ancestry]
  1759 | D:2      | Reached XP level 4. HP: 31/31 MP: 4/7
  1819 | D:2      | Reached skill level 1 in Fighting
  2237 | D:3      | Noticed Terence
  2261 | D:3      | Reached skill level 5 in Necromancy
  2849 | D:3      | Gained mutation: You have sharp fingernails. [demonic
                  | ancestry]
  2849 | D:3      | Reached XP level 5. HP: 37/37 MP: 2/9
  2981 | D:3      | Found a radiant altar of Vehumet.
  2990 | D:3      | HP: 1/38 [gnoll/+0 spear (1)]
  2990 | D:3      | Slain by a dart slug

Illustrated notes

Levels and vault maps discovered:
D:1:      lemuel_arrival_broad_hall, layout_loops_ring, serial_shops, shop,
          minmay_misc_feat_chi, minivault_27, minmay_distorted
D:2:      layout_basic
D:3:      layout_rooms, mainiacjoe_overflow_concentric_impassable, st_stairs_1,
          moated_statue, uniq_terence

Skill      XL: |  1  2  3  4 |
---------------+-------------+-----
Stealth        | 2 |  2.3
Dodging        | 2 |  2.9
Fighting       | 1 |  1.8
Necromancy     | 5 |  5.2
Spellcasting   | 3 |  3.1

Action                     |  1- 3 |  4- 6 || total
---------------------------+-------+-------++-------
  Melee: Club              |    12 |       ||    12
         Unarmed           |     2 |       ||     2
         Short sword       |    14 |    21 ||    35
   Cast: Necrotise         |    45 |    29 ||    74
         Vampiric Draining |       |     3 ||     3
   Stab: Sleeping          |     3 |       ||     3
 Armour: Robe              |    16 |    19 ||    35
  Dodge: Dodged            |    19 |    25 ||    44
